 Dungeon Crawl Stone Soup version 0.22-a0-402-ga933591 (webtiles) character file.

9209 KristoblXynda the Grappler (level 11, 0/97 HPs)
             Began as a Troll Wizard on May 6, 2018.
             Was a Believer of Ashenzari.
             Slain by an eight-headed hydra (13 damage)
             ... on level 11 of the Dungeon.
             The game lasted 00:23:10 (10356 turns).

KristoblXynda the Grappler (Troll Wizard)          Turns: 10356, Time: 00:23:11

Health: 0/97       AC:  9    Str: 17    XL:     11   Next: 20%
Magic:  22/22      EV: 10    Int: 17    God:    Ashenzari [**....]
Gold:   603        SH:  3    Dex:  8    Spells: 10/14 levels left

rFire    . . .     SeeInvis +     - Unarmed
rCold    . . .     Gourm    +   (no shield)
rNeg     . . .     Faith    .   C - +1 troll leather armour (curse)
rPois    .         Spirit   .   b - +1 hat
rElec    .         Reflect  +   (no cloak)
rCorr    .         Harm     .   (gloves unavailable)
MR       .....                  (boots unavailable)
Stlth    +.........             h - +3 amulet of reflection
HPRegen  1.06/turn              u - ring of magical power (curse)
MPRegen  0.18/turn              i - ring of see invisible

@: about to teleport
A: large, unfitting armour, claws 3, fast metabolism 3, gourmand, regeneration
1, shaggy fur 1, tough skin 2
a: Curse Item, Scrying, Renounce Religion


You were on level 11 of the Dungeon.
You worshipped Ashenzari.
Ashenzari was pleased with you.
You were very full.

You visited 2 branches of the dungeon, and saw 12 of its levels.

You collected 603 gold pieces.

Inventory:

Missiles
 g - 2 throwing nets (quivered)
Armour
 b - a +1 hat (worn)
 C - a cursed +1 troll leather armour (worn)
Magical Staves
 D - an uncursed staff of fire
Jewellery
 h - a +3 amulet of reflection (around neck)
 i - a ring of see invisible (right claw)
 u - a cursed ring of magical power (left claw)
 x - an uncursed ring of stealth
Wands
 r - a wand of polymorph (4)
 y - a wand of flame (33)
Scrolls
 c - 4 scrolls of enchant weapon
 f - 3 scrolls of fog
 l - 2 scrolls of remove curse
 o - 2 scrolls of immolation
 p - 3 scrolls of teleportation
 q - a scroll of blinking
 w - 3 scrolls of enchant armour
Potions
 a - 2 potions of haste
 e - 2 potions of curing
 j - 3 potions of invisibility
 k - 2 potions of mutation
 n - a potion of berserk rage {unknown}
 s - a potion of might {unknown}
 t - a potion of ambrosia
 v - a potion of agility
 A - a potion of magic
 B - a potion of cancellation
Comestibles
 d - 17 rations


   Skills:
 + Level 3.2 Fighting
 + Level 2.5 Dodging
 - Level 1.0 Stealth
 + Level 10.8 Unarmed Combat
 - Level 2.0 Spellcasting
 * Level 9.0 Conjurations
   Level 0.6 Summonings
   Level 0.6 Translocations
 - Level 4.0 Evocations


You had 10 spell levels left.
You knew the following spells:

 Your Spells              Type           Power        Failure   Level  Hunger
a - Magic Dart            Conj           ####         1%          1    #......
b - Mephitic Cloud        Conj/Pois/Air  ##......     21%         3    ###....


Dungeon Overview and Level Annotations

Branches:
Dungeon (11/15)            Temple (1/1) D:5            Lair (0/6) D:10
    Orc (0/2) D:9

Altars:
Ashenzari
Cheibriados
Dithmenos
Elyvilon
Fedhas
Gozag
Hepliaklqana
Kikubaaqudgha
Makhleb
Nemelex Xobeh
Okawaru
Qazlal
Ru
Sif Muna
Trog
Uskayaw
Vehumet
Wu Jian
Xom
Yredelemnul
Zin
The Shining One

Shops:
D:5 }


Innate Abilities, Weirdness & Mutations

You are too large for most types of armour.
You have claws for hands.
Your metabolism is lightning-fast.
You like to eat raw meat.
Your natural rate of healing is unusually fast.
You are covered in fur. (AC +1)
You have very tough skin. (AC +2)


Message History

The eight-headed hydra closely misses you.
The eight-headed hydra bites you! What are your orders? t - Shout!
Orders for allies: a - Attack new target. p - Attack previous target. r - Retreat! s - Stop attacking. g - Guard the area. f - Follow me.
Anything else - Cancel.
Okay, then.
As you read the scroll of teleportation, it crumbles to dust.
You feel strangely unstable.
The eight-headed hydra bites you but does no damage.
The eight-headed hydra bites you. The eight-headed hydra bites you!
The eight-headed hydra bites you. The eight-headed hydra bites you!
* * * LOW HITPOINT WARNING * * *
The eight-headed hydra bites you but does no damage.
The eight-headed hydra bites you!
* * * LOW HITPOINT WARNING * * *
The eight-headed hydra bites you!
You die...

.........##...#*##....###...##
........#####..##...###
##...### ........# #......##
###...## ..#..#... ##....##
####.# ........., * #....# ###
.......... ##..##
...#....#...###..#######*
.......D....%.. ** ,
#......@....... , ,,,,,
.#....#.......# * * ,*
############## , * ,, *


You could see an eight-headed hydra.

Vanquished Creatures
  The ghost of Mgcat the Grappler, a novice TrTm of Okawaru (D:9)
  2 two-headed ogres
  2 centaur zombies
  2 trolls
  The ghost of KristoblXynda the Ruffian, an amateur TrWz of Ashenzari (D:5)
  2 hippogriffs
  A wraith (D:10)
  A wyvern (D:10)
  6 yaks (D:10)
  2 soldier ants (D:8)
  A water moccasin (D:8)
  2 orc warriors
  2 sky beasts
  8 ice beasts
  3 ogres
  5 phantoms
  A necrophage (D:7)
  5 centaurs
  A big kobold (D:10)
  5 bullfrogs
  5 killer bees (D:10)
  An electric eel (D:8)
  3 howler monkeys
  5 crimson imps
  2 bullfrog zombies
  3 hounds
  2 jellies (D:7)
  4 orc priests
  6 iguanas
  8 orc wizards
  A bullfrog skeleton (D:6)
  2 centaur skeletons
  Natasha (thrice) (D:3)
  7 worker ants
  Robin (D:2)
  11 adders
  3 shadow imps
  2 oozes
  An adder skeleton (D:8)
  3 worms
  5 leopard geckos
  28 orcs
  9 giant cockroaches
  13 goblins
  7 hobgoblins
  10 jackals
  10 quokkas
  A ball python (D:2)
  9 bats
  11 frilled lizards
  A jackal zombie (D:8)
  15 kobolds
  A leopard gecko skeleton (D:4)
  2 quokka skeletons
  7 rats
  3 rat zombies (D:4)
258 creatures vanquished.

Vanquished Creatures (collateral kills)
  A killer bee (D:10)
1 creature vanquished.

Grand Total: 259 creatures vanquished

Notes
Turn   | Place    | Note
-------+----------+-------------------------------------------
     0 | D:1      | KristoblXynda the Troll Wizard began the quest for the Orb.
     0 | D:1      | Reached XP level 1. HP: 16/16 MP: 2/2
   131 | D:1      | Reached skill level 1 in Conjurations
   166 | D:1      | Reached skill level 1 in Unarmed Combat
   166 | D:1      | Reached XP level 2. HP: 24/24 MP: 4/4
   629 | D:2      | Reached XP level 3. HP: 31/31 MP: 5/5
   766 | D:2      | Reached skill level 2 in Unarmed Combat
  1068 | D:2      | Reached XP level 4. HP: 36/39 MP: 6/6
  1228 | D:2      | Noticed Robin
  1260 | D:2      | Killed Robin
  1270 | D:2      | Learned a level 3 spell: Mephitic Cloud
  1953 | D:3      | Reached skill level 3 in Unarmed Combat
  2148 | D:3      | Reached XP level 5. HP: 30/45 MP: 5/7
  2432 | D:3      | Reached skill level 4 in Unarmed Combat
  2504 | D:3      | Noticed Natasha
  2514 | D:3      | Killed Natasha
  2514 | D:3      | Reached XP level 6. HP: 46/53 MP: 8/8
  2603 | D:3      | Noticed Natasha
  2615 | D:3      | Killed Natasha
  2623 | D:3      | Noticed Natasha
  2626 | D:3      | Killed Natasha
  2955 | D:4      | Found an ancient bone altar of Kikubaaqudgha.
  3103 | D:4      | Reached skill level 5 in Unarmed Combat
  3103 | D:4      | Reached XP level 7. HP: 51/59 MP: 9/9
  3237 | D:5      | Entered Level 5 of the Dungeon
  3237 | D:5      | Found a staircase to the Ecumenical Temple.
  3262 | Temple   | Entered the Ecumenical Temple
  3272 | Temple   | Became a worshipper of Ashenzari the Shackled
  3463 | D:5      | Noticed KristoblXynda's ghost (amateur TrWz)
  3484 | D:5      | Killed KristoblXynda's ghost
  3897 | D:5      | Reached skill level 6 in Unarmed Combat
  3956 | D:5      | Reached skill level 5 in Conjurations
  3956 | D:5      | Reached XP level 8. HP: 33/67 MP: 10/10
  4254 | D:5      | Found Pinuimp's Gadget Shop.
  4367 | D:5      | Reached skill level 7 in Unarmed Combat
  4935 | D:6      | Reached skill level 8 in Unarmed Combat
  5062 | D:6      | Reached * piety under Ashenzari
  5123 | D:6      | Reached XP level 9. HP: 74/74 MP: 11/11
  5338 | D:7      | Reached skill level 1 in Evocations
  6137 | D:8      | Reached skill level 9 in Unarmed Combat
  6158 | D:8      | Noticed a troll
  6180 | D:8      | Killed a troll
  6358 | D:8      | Paralysed by a hornet for 3 turns
  6585 | D:8      | Paralysed by a hornet for 1 turns
  7238 | D:8      | Reached ** piety under Ashenzari
  7342 | D:8      | Reached XP level 10. HP: 31/81 MP: 12/12
  7478 | D:8      | Noticed a two-headed ogre
  7507 | D:8      | Killed a two-headed ogre
  7507 | D:8      | Reached skill level 10 in Unarmed Combat
  8065 | D:9      | Noticed a two-headed ogre
  8072 | D:9      | Noticed Mgcat's ghost (novice TrTm)
  8100 | D:9      | Killed Mgcat's ghost
  8100 | D:9      | Reached skill level 1 in Fighting
  8104 | D:9      | Killed a two-headed ogre
  8412 | D:9      | Found a radiant altar of Vehumet.
  8811 | D:9      | Found a staircase to the Orcish Mines.
  9010 | D:9      | Found a basalt altar of Yredelemnul.
  9010 | D:9      | Found a shimmering altar of Xom.
  9030 | D:10     | Entered Level 10 of the Dungeon
  9498 | D:10     | Found a staircase to the Lair.
  9715 | D:10     | Reached XP level 11. HP: 90/96 MP: 13/13
 10275 | D:11     | Noticed an eight-headed hydra
 10356 | D:11     | Slain by an eight-headed hydra

Vault maps used:
D:1:      lightli_arrival_flooded_house
D:2:      first_ration, uniq_robin
D:3:      uniq_natasha
D:4:      lemuel_zombie_altar_kikubaaqudgha
D:5:      minmay_temple_entry_mist, serial_shops, shop,
          minmay_misc_feat_encased, feat_on_display
D:8:      wad_river_or_something, hangedman_pestilent_swarm
D:9:      vehumet_altar_wand_db, gammafunk_temple_overflow_statue, orc_0_dummy
D:10:     dpeg_oklobed_lair, minmay_misc_feat_ornament
Temple:   regret_index_temple_mists

Skill      XL: |  1  2  3  4  5  6  7  8  9 10 11 |
---------------+----------------------------------+-----
Conjurations   | 1 2 3 5 6 7 8 9 |  9.0
Unarmed Combat | 1 2 3 4 5 6 8 9 10 | 10.8
Evocations     | 2 4 |  4.0
Fighting       | 2 3 |  3.2
Dodging        | 2 |  2.5
Stealth        | |  1.0
Spellcasting   | |  2.0
Summonings     | |  0.6
Translocations | |  0.6

Action                   |  1- 3 |  4- 6 |  7- 9 | 10-12 || total
-------------------------+-------+-------+-------+-------++-------
Melee: Unarmed           |   127 |   221 |   385 |   274 ||  1007
       Punch             |       |     1 |    10 |     3 ||    14
 Cast: Magic Dart        |       |     4 |     7 |     2 ||    13
       Mephitic Cloud    |       |       |     2 |    13 ||    15
Invok: Curse Item        |       |       |     1 |     1 ||     2
Evoke: Wand              |       |       |     1 |    12 ||    13
  Use: Scroll            |       |     8 |     9 |     8 ||    25
       Potion            |       |     2 |     5 |     2 ||     9
 Stab: Sleeping          |       |     3 |     2 |     1 ||     6
       Confused          |       |       |       |     2 ||     2
  Eat: Chunk             |    15 |    19 |    33 |    35 ||   102
Armor: Robe              |    53 |    14 |       |       ||    67
       Animal skin       |       |    59 |   125 |    13 ||   197
       Skin              |       |    13 |    14 |     6 ||    33
       Troll leather arm |       |       |       |    84 ||    84
Dodge: Dodged            |    56 |    96 |   138 |   112 ||   402
Block: Other             |       |       |       |    23 ||    23

Table legend:
 A = Spawn XP
 B = Non-spawn XP
 C = Spawn XP percentage of total XP
 D = Spawn monster count
 E = Non-spawn monster count
 F = Spawn count percentage of total count
 G = Total turns spent on level
                    A         B        C        D         E        F      G
               +---------+---------+-------+---------+---------+-------+---------
         Total |       0 |   13156 |   0.0 |       0 |     259 |   0.0 | 10356
               +---------+---------+-------+---------+---------+-------+---------
           D:1 |       0 |      39 |   0.0 |       0 |      24 |   0.0 |   626
           D:2 |       0 |     113 |   0.0 |       0 |      39 |   0.0 |  1346
           D:3 |       0 |     330 |   0.0 |       0 |      31 |   0.0 |   782
           D:4 |       0 |     252 |   0.0 |       0 |      13 |   0.0 |   483
           D:5 |       0 |    1189 |   0.0 |       0 |      20 |   0.0 |  1164
           D:6 |       0 |     919 |   0.0 |       0 |      28 |   0.0 |   709
           D:7 |       0 |     762 |   0.0 |       0 |      10 |   0.0 |   724
           D:8 |       0 |    3130 |   0.0 |       0 |      28 |   0.0 |  1899
           D:9 |       0 |    2592 |   0.0 |       0 |      24 |   0.0 |  1233
          D:10 |       0 |    3830 |   0.0 |       0 |      42 |   0.0 |  1137
               +---------+---------+-------+---------+---------+-------+---------
